AoeStats
← 犯大吴疆土者盛必击而破之

Arabian Desert

510958797Analyzed
1v1 RM · 15h ago on Oct 3, 2026· 22m 52s· 2 players
Game mode
Random Map
Map size
Tiny (2 player)
Population
200
Speed
Normal
Resources
Standard
Victory
Conquest
Starting age
Dark Age
Ending age
Imperial Age
RankedLock teamsTeams togetherTeam positionsShared explorationLock speedFull tech treeHidden civsTurbo modeCheats
Victory
Defeat
🇩🇪 Khmer · Germany
1505
-18
犯大吴疆土者盛必击而破之
5:55 Loom
8:49 Feudal Age
9:22 Double-Bit Axe
16:16 Fletching
16:26 Padded Archer Armor
23:16 Bloodlines
Snowden
6:15 Loom
8:55 Feudal Age
10:17 Double-Bit Axe
12:22 Horse Collar
15:39 Fletching
21:02 Scale Barding Armor
Connection lost

Rejoining the realm…

Still unreachable

The connection could not be restored.

Session expired

The server has moved on; the page needs a fresh start.